 Dungeon Crawl Stone Soup version 0.23.2 (webtiles) character file.

Game seed: 10840398719095005619

209 Borgoz the Sneak (level 5, -6/44 HPs)
             Began as a Ghoul Assassin on Apr 5, 2019.
             Killed from afar by Natasha (8 damage)
             ... with a magic dart
             ... on level 3 of the Dungeon.
             The game lasted 00:04:41 (2660 turns).

Borgoz the Sneak (Ghoul Assassin)                   Turns: 2660, Time: 00:04:42

Health: -6/44      AC:  8    Str: 14 (15) XL:     5   Next: 87%
Magic:  4/4        EV: 10    Int: 11      God:
Gold:   176        SH:  0    Dex: 10 (11) Spells: 4/4 levels left

rFire    . . .     SeeInvis .   a - +2 dagger
rCold    + . .     Gourm    .   (no shield)
rNeg     + + +     Faith    .   i - +0 scale mail
rPois    ∞         Spirit   .   m - +1 hat
rElec    .         Reflect  .   d - +0 cloak
rCorr    .         Harm     .   (no gloves)
MR       .....                  (no boots)
Stlth    +.........             (no amulet)
HPRegen  0.00/turn              (no ring)
MPRegen  0.09/turn              (no ring)

@: brilliant, rotting, slowed, very slow
A: rotting body, claws 1, carnivore, cold resistance 1, negative energy
resistance 3, inhibited regeneration, torment resistance, unbreathing
a: no special abilities


You were on level 3 of the Dungeon.
You were not hungry.

You visited 1 branch of the dungeon, and saw 3 of its levels.

You collected 176 gold pieces.

Inventory:

Hand Weapons
 a - a +2 dagger (weapon)
 b - a +0 blowgun
Missiles
 e - 34 poisoned needles
 f - 2 curare-tipped needles
Armour
 d - a +0 cloak (worn)
 i - a +0 scale mail (worn)
 m - a +1 hat (worn)
Scrolls
 c - a scroll of remove curse
 h - a scroll of immolation {unknown}
 j - a scroll of teleportation {unknown}
 k - 3 scrolls of identify
Potions
 l - a potion of mutation
 n - a potion of brilliance
 o - a potion of degeneration {unknown}
Comestibles
 g - 5 rations


   Skills:
 + Level 2.9 Fighting
 * Level 3.1 Short Blades
 - Level 1.7 Throwing
 * Level 2.3 Armour
 * Level 2.5 Dodging
 + Level 4.9 Stealth


You had 4 spell levels left.
You didn't know any spells.
Your spell library was empty.

Dungeon Overview and Level Annotations

Branches:
Dungeon (3/15)

Altars:
Cheibriados
The Shining One

Annotations:
D:3 Natasha


Innate Abilities, Weirdness & Mutations

Your body is rotting away.
You thrive on raw meat.
You are immune to poison.
You have sharp fingernails.
You are carnivorous and can eat meat at any time.
Your flesh is cold resistant. (rC+)
You are immune to negative energy. (rN+++)
You do not regenerate when monsters are visible.
You are immune to unholy pain and torment.
You can survive without breathing.


Message History

You are too injured to fight recklessly!
You are too injured to fight recklessly!
You are too injured to fight recklessly!
You are too injured to fight recklessly!
You are too injured to fight recklessly!
You hit Natasha.
Natasha is lightly wounded.
Natasha claws you!
* * * LOW HITPOINT WARNING * * *
Natasha closely misses you. The iron imp hits you.
* * * LOW HITPOINT WARNING * * *
You barely miss Natasha.
Natasha is lightly wounded.
Natasha claws you but does no damage. x2; The iron imp hits you!
* * * LOW HITPOINT WARNING * * *
It was a potion of brilliance.
You feel clever all of a sudden. Natasha casts a spell at you.
The magic dart hits you!
You die...

....##......#...####............#
.......##..##.### #.............
....######....## #.............
..[.# ###...# #.............
...## #.....## #.....[.......
...# #...###..####......<......
...#####.## ##...######........#
.......# # ##......###........#
######.#.## ##..@.....#..........
###....###...5h......<........
##........#....................
###..######......................
....## ##(..>.................
.######## ##.......(..#........
........######......(..........#
......................####...##
#############..........# ....


You could see an iron imp and Natasha.

Vanquished Creatures
  An orc wizard (D:3)
  Natasha (twice) (D:3)
  5 adders
  3 oozes
  3 worms (D:2)
  A leopard gecko (D:3)
  7 orcs
  A giant cockroach (D:1)
  10 goblins
  7 hobgoblins
  6 jackals
  2 quokkas (D:3)
  8 bats
  2 frilled lizards (D:2)
  9 kobolds
  10 rats
77 creatures vanquished.

Notes
Turn   | Place    | Note
-------+----------+-------------------------------------------
     0 | D:1      | Borgoz the Ghoul Assassin began the quest for the Orb.
     0 | D:1      | Reached XP level 1. HP: 17/17 MP: 0/0
    17 | D:1      | Reached skill level 1 in Dodging
    34 | D:1      | Reached XP level 2. HP: 24/24 MP: 1/1
   190 | D:1      | Reached skill level 1 in Armour
   270 | D:1      | Reached XP level 3. HP: 20/29 MP: 2/2
   483 | D:1      | Found a snail-covered altar of Cheibriados.
   819 | D:2      | Found a glowing golden altar of the Shining One.
  1392 | D:2      | Reached XP level 4. HP: 37/37 MP: 3/3
  2245 | D:3      | Reached XP level 5. HP: 24/44 MP: 4/4
  2438 | D:3      | Noticed Natasha
  2446 | D:3      | Killed Natasha
  2541 | D:3      | Noticed Natasha
  2556 | D:3      | Killed Natasha
  2648 | D:3      | Noticed Natasha
  2659 | D:3      | HP: 2/44 [iron imp[Natasha] (9)]
  2660 | D:3      | Killed from afar by Natasha

Skill      XL: |  1  2  3  4  5 |
---------------+----------------+-----
Dodging        | 1 2 |  2.5
Short Blades   | 2 3 |  3.1
Armour         | 1 2 |  2.3
Fighting       | |  2.9
Throwing       | |  1.7
Stealth        | |  4.9

Action                   |  1- 3 |  4- 6 || total
-------------------------+-------+-------++-------
Melee: Dagger            |   110 |   184 ||   294
  Use: Scroll            |     2 |     1 ||     3
       Potion            |     1 |     6 ||     7
 Stab: Sleeping          |    16 |     1 ||    17
  Eat: Chunk             |    11 |    10 ||    21
Armor: Robe              |    13 |    16 ||    29
       Scale mail        |       |    75 ||    75
Dodge: Dodged            |    38 |   120 ||   158
